 Dungeon Crawl Stone Soup version 0.28-a0-206-gc2c9e32840 (webtiles) character file.

Game seed: 17681256650275463238

26 zdrol the Chopper (level 2, 0/27 HPs)
             Began as a Minotaur Monk on Aug 20, 2021.
             Slain by a kobold (3 damage)
             ... on level 2 of the Dungeon.
             The game lasted 00:04:02 (1231 turns).

zdrol the Chopper (Minotaur Monk)                   Turns: 1231, Time: 00:04:05

Health: 0/27       AC:  2    Str: 15    XL:     2   Next: 89%
Magic:  1/1        EV: 13    Int:  7    God:
Gold:   59         SH:  0    Dex: 12    Spells: 1/1 levels left

rFire   . . .      SeeInvis .   a - +0 hand axe (flame)
rCold   . . .      Faith    .   (no shield)
rNeg    . . .      Spirit   .   b - +0 robe
rPois   .          Reflect  .   (helmet restricted)
rElec   .          Harm     .   (no cloak)
rCorr   .          Rampage  .   (no gloves)
Will    .....                   (no boots)
Stlth   ++........              (no amulet)
HPRegen 0.09/turn               (no ring)
MPRegen 0.07/turn               (no ring)

@: no status effects
A: horns 2, retaliatory headbutt
a: no special abilities


You were on level 2 of the Dungeon.
You visited 1 branch of the dungeon, and saw 2 of its levels.

You collected 59 gold pieces.

Inventory:

Hand Weapons
 a - a +0 hand axe of flaming (weapon)
Armour
 b - a +0 robe (worn)


   Skills:
 + Level 4.0 Fighting
 + Level 4.2 Axes
 + Level 3.6 Dodging
 + Level 1.8 Stealth


You had one spell level left.
You didn't know any spells.
Your spell library contained the following spells:

 Spells                   Type           Power      Damage    Failure   Level
 Conjure Flame            Conj/Fire      0%         6-21      80%         3
 Ignite Poison            Fire/Tmut/Pois 0%         N/A       80%         3
 Stone Arrow              Conj/Erth      0%         3d7       80%         3
 Animate Armour           Summ/Erth      0%         N/A       99%         4
 Sticky Flame             Conj/Fire      0%         2d3       99%         4
 Borgnjor's Revivificati  Necr           0%         N/A       100%        8
 Lehudib's Crystal Spear  Conj/Erth      0%         10d2      100%        8
 Necromutation            Tmut/Necr      0%         N/A       100%        8
 Death's Door             Necr           0%         N/A       100%        9


Dungeon Overview and Level Annotations

Branches:
Dungeon (2/15)

Altars:

Annotations:
D:2 Sigmund


Innate Abilities, Weirdness & Mutations

You have a pair of horns on your head.
You reflexively headbutt those who attack you in melee.


Message History

You kill the endoplasm!
The helpless goblin fails to defend itself.
You hit the goblin. You burn the goblin.
The goblin is heavily wounded.
A bat comes into view.
The goblin hits you with a +0 club.
You barely miss the goblin.
The goblin is heavily wounded.
The goblin hits you with a +0 club.
You closely miss the goblin.
The goblin is heavily wounded.
The goblin hits you with a +0 club.
You barely miss the goblin. You headbutt the goblin.
You kill the goblin!
The bat hits you but does no damage. The bat hits you but does no damage.
You closely miss the bat. You headbutt the bat.
You kill the bat!
Found 2 yellow potions.
Sigmund shouts!
You hear a shout!
Sigmund closely misses you.
You hit Sigmund. You burn Sigmund. You headbutt Sigmund, but do no damage.
Sigmund is lightly wounded.
A kobold comes into view. It is wielding a +0 short sword.
Sigmund barely misses you.
You completely miss Sigmund. Your headbutt misses Sigmund.
Sigmund is lightly wounded.
You closely miss Sigmund.
Sigmund is lightly wounded.
Sigmund misses you. You furiously retaliate!
You headbutt Sigmund. You hit Sigmund. You burn Sigmund.
Sigmund is heavily wounded.
Sigmund hits you with a +0 scythe!
You hit Sigmund. You burn Sigmund.
Sigmund is heavily wounded.
You hit the kobold but do no damage. The kobold barely misses you.
Sigmund hits you with a +0 scythe!
* * * LOW HITPOINT WARNING * * *
The kobold hits you with a +0 short sword.
You die...

# #### ## #. #... .#
###.######.###.# #
............#.# ...
#.#.+.......)#
#...#K#.#.#.....#
#..@@........##
#..#.#..............#
......#.....#####.#
..#...._.).##.#
....#.#..#.....#
..!#.....#...#.#
...#.......#...
....#...##...#


You could see Sigmund and a kobold.

Vanquished Creatures
  A dart slug (D:1)
  2 bats
  2 endoplasms
  2 giant cockroaches (D:1)
  4 goblins
  2 hobgoblins (D:1)
  A quokka (D:1)
  2 ball pythons (D:1)
  2 frilled lizards (D:1)
  3 kobolds (D:1)
  2 rats (D:1)
23 creatures vanquished.

Notes
Turn   | Place    | Note
-------+----------+-------------------------------------------
     0 | D:1      | zdrol the Minotaur Monk began the quest for the Orb.
     0 | D:1      | Reached XP level 1. HP: 19/19 MP: 0/0
   307 | D:1      | Reached XP level 2. HP: 23/27 MP: 1/1
  1204 | D:2      | Found a faded altar of an unknown god.
  1204 | D:2      | Noticed Sigmund
  1231 | D:2      | Slain by a kobold

Illustrated notes

Levels and vault maps discovered:
D:1:      lightli_arrival_isolated_outpost, layout_basic, moated_statue
D:2:      cheibrodos_fertilizer, layout_basic,
          hellmonk_ecumenical_altar_blasted, basic_altar,
          uniq_crazy_yiuf_cottage, uniq_sigmund

Skill      XL: |  1  2 |
---------------+-------+-----
Axes           | 4 |  4.2
Fighting       | 4 |  4.0
Dodging        | |  3.6
Stealth        | |  1.8

Action                   || total
-------------------------++-------
Melee: Hand axe          ||    49
       Headbutt          ||     5
  Use: Scroll            ||     4
 Stab: Sleeping          ||     4
Armor: Robe              ||    11
Dodge: Dodged            ||    29

Table legend: (Time is in decaauts)
 A = Elapsed time spent in this place.
 B = Non-inter-level travel time spent in this place.
 C = Inter-level travel time spent in this place.
 D = Time resting spent in this place.
 E = Time spent auto-exploring this place.
 F = Levels seen in this place.
 G = Mean time per level.
                   A        B        C        D        E       F      G
               +--------+--------+--------+--------+--------+-----+--------+
         Total |   1236 |   1236 |      0 |    168 |    622 |   2 |  618.0 |
       Dungeon |   1236 |   1236 |      0 |    168 |    622 |   2 |  618.0 |
               +--------+--------+--------+--------+--------+-----+--------+

Top non-repeatable levels by time:
     D:1: 1208 daAuts
     D:2: 27 daAuts
